RedWings vs Flyers

Created - March-10-13 at 11:28

Goals
1 2 3 OT1 T
RedWings 1 0 1 0 2
Flyers 0 1 1 1 3
Shots
1 2 3 OT1 T
RedWings 3 3 7 0 13
Flyers 8 9 9 4 30

1st period

1. RedWings , Keith Yandle 9 (Sergei Kostitsyn, Curtis Glencross) at 11:19 (PP)

Penalties :
Dustin Penner (PHI) for Hooking (Minor) at 1:22, Kyle Brodziak (PHI) for Hooking (Minor) at 5:15, Philip Larsen (PHI) for Hooking (Minor) at 10:17, Nikolai Kulemin (PHI) for Hooking (Minor) at 12:43, Alexandre Burrows (DET) for Roughing (Minor) at 15:00

2nd period

2. Flyers , Marc-Andre Bergeron 17 (Steve Sullivan) at 16:11 (PP)

Penalties :
Pavel Kubina (DET) for Slashing (Minor) at 3:00, Andreas Lilja (PHI) for Slashing (Double Minor) at 7:26, Curtis Glencross (DET) for Roughing (Minor) at 15:45

3rd period

3. Flyers , Kyle Okposo 20 (Nikolai Kulemin, Steve Sullivan) at 0:25
4. RedWings , Eric Brewer 9 (Ray Whitney, Brian Campbell) at 19:15 (PP)

Penalties :
Gabriel Bourque (PHI) for Tripping (Minor) at 12:47, Curtis Glencross (DET) for Holding (Minor) at 15:29, Philip Larsen (PHI) for Tripping (Minor) at 17:57

Overtime #1

5. Flyers , Justin Williams 18 (Chris Pronger, Marc-Andre Bergeron) at 2:57

Penalties :
No Penalty

Goalie Stats

Thomas Greiss (DET), 27 saves from 30 shots - (0.900), OTL, 0-1-1, 62:46 minutes
Devan Dubnyk (PHI), 11 saves from 13 shots - (0.846), W, 30-23-4, 62:58 minutes

Players Stats for RedWings

Player Name              G  A  P  +/- PIM S  H  SB GA TA FO     MP     PP MP  PK MP  
------------------------------------------------------------------------------------
Alexandre Burrows        0  0  0   0  2   0  1  0  0  0  0/0    12:10   1:05   0:00 
Brian Campbell           0  1  1   0  0   0  0  1  0  0  0/0    24:46   6:33   3:33 
Chris Summers            0  0  0   0  0   0  0  0  0  0  0/0     4:55   0:34   0:00 
Curtis Glencross         0  1  1  -1  4   0  1  0  0  0  0/0    24:32   6:41   1:13 
Eric Brewer              1  0  1   0  0   1  0  1  0  0  0/0    24:46   6:33   3:33 
Jamie Langenbrunner      0  0  0   0  0   0  1  0  0  0  1/1    17:19   7:04   0:00 
Jared Spurgeon           0  0  0   0  0   0  0  1  0  0  0/0    10:39   0:00   0:00 
Joe Thornton             0  0  0  -1  0   1  0  0  0  0  16/30  24:44   5:15   0:45 
Keith Yandle             1  0  1  -2  0   3  1  1  0  0  0/0    23:12   7:42   2:50 
Mark Fraser              0  0  0   0  0   0  0  1  0  0  0/0     4:21   0:00   0:00 
Nate Thompson            0  0  0  -1  0   0  3  1  0  0  7/14   22:38   1:27   3:50 
Paul Martin              0  0  0  -2  0   0  1  2  0  0  0/0    22:38   7:08   2:50 
Pavel Kubina             0  0  0   0  2   0  1  0  0  0  0/0    11:12   0:34   0:00 
Ray Whitney              0  1  1  -1  0   1  0  0  0  0  0/1    16:01   7:23   4:17 
Ryan Whitney             0  0  0   0  0   0  0  0  0  0  0/0     0:00   0:00   0:00 
Sergei Kostitsyn         0  1  1   0  0   3  1  0  0  0  0/1    14:28   1:29   0:12 
Stephen Gionta           0  0  0   0  0   1  0  0  0  0  4/11   23:18   4:48   0:41 
Travis Zajac             0  0  0  -1  0   3  0  0  0  0  8/22   23:46   6:59   1:48 

Players Stats for Flyers

Player Name              G  A  P  +/- PIM S  H  SB GA TA FO     MP     PP MP  PK MP  
------------------------------------------------------------------------------------
Andreas Lilja            0  0  0   0  4   0  1  0  0  0  0/0    10:51   0:00   0:49 
Brian Lee                0  0  0   1  0   0  0  1  0  0  0/0    16:41   0:00   1:12 
Chris Pronger            0  1  1   1  0   1  0  2  0  0  0/0    26:52   3:54   6:55 
David Steckel            0  0  0   0  0   0  0  0  0  0  4/7     6:35   3:26   0:00 
Dustin Penner            0  0  0   0  2   0  2  0  0  0  0/0    11:21   0:00   0:00 
Gabriel Bourque          0  0  0   0  2   0  1  0  0  0  0/1    12:22   0:00   1:01 
John Madden              0  0  0   0  0   1  0  0  0  0  7/11   13:00   0:00   1:38 
Justin Williams          1  0  1   1  0   6  1  0  0  0  1/5    20:39   2:57   5:02 
Kevin Bieksa             0  0  0   2  0   4  0  2  0  0  0/0    27:14   3:54   7:58 
Kyle Brodziak            0  0  0   0  2   2  4  0  0  0  8/16   11:02   0:00   0:00 
Kyle Okposo              1  0  1   1  0   5  0  0  0  0  12/22  24:05   3:26   7:35 
Luke Schenn              0  0  0   0  0   1  3  0  0  0  0/0    24:36   2:29   6:11 
Marc-Andre Bergeron      1  1  2   1  0   3  0  0  0  0  2/3    26:11   2:57   8:09 
Niklas Hagman            0  0  0   0  0   0  0  0  0  0  0/0     3:12   0:00   0:03 
Nikolai Kulemin          0  1  1   1  2   2  2  0  0  0  4/7    19:18   3:26   0:00 
Philip Larsen            0  0  0   0  4   2  1  0  0  0  0/0    19:33   2:29   5:19 
Ryan Ellis               0  0  0   0  0   0  0  0  0  0  0/0     0:06   0:00   0:06 
Steve Sullivan           0  2  2   1  0   3  0  0  0  0  6/8    23:52   2:57   5:02 

3 Stars

1 - Marc-Andre Bergeron (PHI)
2 - Justin Williams (PHI)
3 - Kyle Okposo (PHI)

Power Play

RedWings - 2 on 8 Attempt(s) - 25.00%
Flyers - 1 on 4 Attempt(s) - 25.00%

Penalty Kill

RedWings - 3 on 4 Attempt(s) - 75.00% - Score 0 goal in Penalty Kill
Flyers - 6 on 8 Attempt(s) - 75.00% - Score 0 goal in Penalty Kill

Official

Referees : Mark Lemelin and Chris Rooney
Linesman : Thor Nelson and Bryan Pancich

Game Notes

No Game Note

Finance

Level 1 -- Attendance: 2360 (36.31%) -- Ticket Income $590,000
Level 2 -- Attendance: 1341 (26.82%) -- Ticket Income $333,909
Level 3 -- Attendance: 768 (21.94%) -- Ticket Income $153,600
Level 4 -- Attendance: 549 (15.52%) -- Ticket Income $109,251
Luxury Box -- Attendance: 463 (46.30%) -- Ticket Income $208,350
Game was played at the Wells Fargo Center
Total Attendance: 5481 (28.05%)
Total Ticket Income: $1,395,110
Other Income: $209,266
Total Income: $1,604,376


% Time on Ice - RedWings

Lines # - Real PCT - Wanted PCT - Time Play
Normal Forward
1 - 32% - 35% - 12:34
2 - 40% - 35% - 15:42
3 - 17% - 20% - 6:36
4 - 11% - 10% - 4:30
Normal Defense
1 - 29% - 35% - 11:28
2 - 33% - 35% - 12:54
3 - 27% - 20% - 10:39
4 - 11% - 10% - 4:21
PP Forward
1 - 40% - 60% - 5:44
2 - 60% - 40% - 8:31
PP Defense
1 - 50% - 60% - 7:07
2 - 50% - 40% - 7:08
PK Forward
1 - 72% - 60% - 4:35
2 - 28% - 40% - 1:48
PK Defense
1 - 56% - 60% - 3:33
2 - 44% - 40% - 2:50
PK3 Forward
1 - 0% - 60%
2 - 0% - 40%
PK3 Defense
1 - 0% - 60%
2 - 0% - 40%
44 Forward
1 - 67% - 60% - 2:00
2 - 33% - 40% - 0:58
44 Defense
1 - 60% - 60% - 1:46
2 - 40% - 40% - 1:12
Last Minute Offensive  - 0:00
Last Minute Defensive  - 0:00
Total
Forward - 62:58
Defense - 62:58

% Time on Ice - Flyers

Lines # - Real PCT - Wanted PCT - Time Play
Normal Forward
1 - 28% - 40% - 11:03
2 - 35% - 35% - 13:48
3 - 8% - 15% - 3:09
4 - 29% - 10% - 11:22
Normal Defense
1 - 35% - 45% - 13:50
2 - 39% - 40% - 15:29
3 - 26% - 15% - 10:03
4 - 0% - 0% - 0:00
PP Forward
1 - 46% - 60% - 2:57
2 - 54% - 40% - 3:26
PP Defense
1 - 61% - 67% - 3:54
2 - 39% - 33% - 2:29
PK Forward
1 - 65% - 60% - 9:13
2 - 35% - 40% - 5:02
PK Defense
1 - 56% - 60% - 7:58
2 - 44% - 40% - 6:17
PK3 Forward
1 - 0% - 60%
2 - 0% - 40%
PK3 Defense
1 - 0% - 60%
2 - 0% - 40%
44 Forward
1 - 70% - 60% - 2:05
2 - 30% - 40% - 0:53
44 Defense
1 - 54% - 60% - 1:36
2 - 46% - 40% - 1:22
Last Minute Offensive  - 0:00
Last Minute Defensive  - 0:00
Total
Forward - 62:58
Defense - 62:58

Play by Play

1st period


0:01 of 1st period - Marc-Andre Bergeron wins face-off versus Joe Thornton in neutral zone.
0:08 of 1st period - Shot by Justin Williams.
0:08 of 1st period - Stopped by Thomas Greiss without a rebound.
0:09 of 1st period - Travis Zajac wins face-off versus Kyle Okposo in RedWings zone.
0:44 of 1st period - Shot by Steve Sullivan.
0:44 of 1st period - Stopped by Thomas Greiss without a rebound.
0:45 of 1st period - Stephen Gionta wins face-off versus Kyle Brodziak in RedWings zone.
0:45 of 1st period - Stephen Gionta is hit by Kyle Brodziak.
1:02 of 1st period - Shot by Justin Williams.
1:02 of 1st period - Stopped by Thomas Greiss without a rebound.
1:03 of 1st period - Joe Thornton wins face-off versus John Madden in RedWings zone.
1:03 of 1st period - Joe Thornton is hit by Gabriel Bourque.
1:09 of 1st period - Shot by Sergei Kostitsyn.
1:09 of 1st period - Shot Misses the Net.
1:22 of 1st period - Minor Penalty to Dustin Penner for Hooking.
1:23 of 1st period - Joe Thornton wins face-off versus Kyle Okposo in Flyers zone.
2:31 of 1st period - Icing by Keith Yandle.
2:32 of 1st period - Kyle Okposo wins face-off versus Travis Zajac in RedWings zone.
2:51 of 1st period - Shot by Marc-Andre Bergeron.
2:51 of 1st period - Shot Misses the Net.
2:53 of 1st period - Shot by Marc-Andre Bergeron.
2:53 of 1st period - Shot Blocked by Paul Martin.
3:01 of 1st period - Shot by Kevin Bieksa.
3:01 of 1st period - Stopped by Thomas Greiss with a rebound.
3:28 of 1st period - Off-side.
3:29 of 1st period - Joe Thornton wins face-off versus John Madden in neutral zone.
3:46 of 1st period - Shot by John Madden.
3:46 of 1st period - Shot Blocked by Brian Campbell.
5:15 of 1st period - Minor Penalty to Kyle Brodziak for Hooking.
5:16 of 1st period - Kyle Okposo wins face-off versus Stephen Gionta in Flyers zone.
6:42 of 1st period - Off-side.
6:43 of 1st period - Joe Thornton wins face-off versus Justin Williams in neutral zone.
6:59 of 1st period - Shot by Eric Brewer.
6:59 of 1st period - Shot Blocked by Chris Pronger.
7:01 of 1st period - Shot by Brian Campbell.
7:01 of 1st period - Shot Misses the Net.
7:48 of 1st period - Alexandre Burrows is hit by Dustin Penner and loses puck.
8:18 of 1st period - Shot by Curtis Glencross.
8:18 of 1st period - Shot Misses the Net.
8:47 of 1st period - Off-side.
8:48 of 1st period - Jamie Langenbrunner wins face-off versus Kyle Okposo in neutral zone.
10:17 of 1st period - Minor Penalty to Philip Larsen for Hooking.
10:18 of 1st period - Kyle Okposo wins face-off versus Travis Zajac in Flyers zone.
11:19 of 1st period - Shot by Keith Yandle.
11:19 of 1st period - Goal by Keith Yandle - RedWings : 1 - Flyers : 0.
11:20 of 1st period - Nate Thompson wins face-off versus Gabriel Bourque in neutral zone.
12:43 of 1st period - Minor Penalty to Nikolai Kulemin for Hooking.
12:44 of 1st period - Joe Thornton wins face-off versus Kyle Okposo in Flyers zone.
12:45 of 1st period - Shot by Keith Yandle.
12:45 of 1st period - Shot Misses the Net.
12:52 of 1st period - Icing by Paul Martin.
12:53 of 1st period - Joe Thornton wins face-off versus Kyle Okposo in RedWings zone.
14:00 of 1st period - Shot by Travis Zajac.
14:00 of 1st period - Shot Misses the Net.
14:55 of 1st period - Icing by Brian Lee.
14:56 of 1st period - John Madden wins face-off versus Nate Thompson in Flyers zone.
14:56 of 1st period - Philip Larsen is hit by Alexandre Burrows and loses puck.
15:00 of 1st period - Minor Penalty to Alexandre Burrows for Roughing.
15:01 of 1st period - Nate Thompson wins face-off versus David Steckel in RedWings zone.
15:11 of 1st period - Off-side.
15:12 of 1st period - Steve Sullivan wins face-off versus Nate Thompson in neutral zone.
15:20 of 1st period - Icing by Justin Williams.
15:21 of 1st period - Nate Thompson wins face-off versus Steve Sullivan in Flyers zone.
16:11 of 1st period - Shot by Kevin Bieksa.
16:11 of 1st period - Shot Misses the Net.
16:19 of 1st period - Shot by Kyle Okposo.
16:19 of 1st period - Stopped by Thomas Greiss without a rebound.
16:20 of 1st period - Nikolai Kulemin wins face-off versus Travis Zajac in RedWings zone.
16:29 of 1st period - Shot by Kevin Bieksa.
16:29 of 1st period - Stopped by Thomas Greiss with a rebound.
16:31 of 1st period - Shot by Chris Pronger.
16:31 of 1st period - Stopped by Thomas Greiss without a rebound.
16:32 of 1st period - Steve Sullivan wins face-off versus Nate Thompson in RedWings zone.
18:23 of 1st period - Shot by Travis Zajac.
18:23 of 1st period - Stopped by Devan Dubnyk without a rebound.
18:24 of 1st period - Kyle Brodziak wins face-off versus Stephen Gionta in Flyers zone.
18:24 of 1st period - Kyle Brodziak is hit by Jamie Langenbrunner.
18:38 of 1st period - Shot by Justin Williams.
18:38 of 1st period - Stopped by Thomas Greiss without a rebound.
18:39 of 1st period - David Steckel wins face-off versus Travis Zajac in RedWings zone.
19:03 of 1st period - Shot by Marc-Andre Bergeron.
19:03 of 1st period - Shot Misses the Net.
19:31 of 1st period - Shot by Sergei Kostitsyn.
19:31 of 1st period - Stopped by Devan Dubnyk without a rebound.
19:32 of 1st period - Kyle Okposo wins face-off versus Stephen Gionta in Flyers zone.

2nd period


0:01 of 2nd period - Kyle Brodziak wins face-off versus Joe Thornton in neutral zone.
0:03 of 2nd period - Off-side.
0:04 of 2nd period - Joe Thornton wins face-off versus Kyle Brodziak in neutral zone.
0:06 of 2nd period - Keith Yandle is hit by Luke Schenn and loses puck.
0:36 of 2nd period - Shot by Marc-Andre Bergeron.
0:36 of 2nd period - Shot Misses the Net.
0:38 of 2nd period - Shot by Chris Pronger.
0:38 of 2nd period - Shot Misses the Net.
0:40 of 2nd period - Shot by Kyle Brodziak.
0:40 of 2nd period - Stopped by Thomas Greiss without a rebound.
0:41 of 2nd period - Travis Zajac wins face-off versus Kyle Okposo in RedWings zone.
2:27 of 2nd period - Icing by Chris Pronger.
2:28 of 2nd period - Joe Thornton wins face-off versus Kyle Brodziak in Flyers zone.
3:00 of 2nd period - Minor Penalty to Pavel Kubina for Slashing.
3:01 of 2nd period - Nate Thompson wins face-off versus David Steckel in RedWings zone.
3:37 of 2nd period - Kyle Okposo is hit by Nate Thompson and loses puck.
3:47 of 2nd period - Icing by Chris Pronger.
3:48 of 2nd period - David Steckel wins face-off versus Travis Zajac in Flyers zone.
3:48 of 2nd period - David Steckel is hit by Curtis Glencross.
4:30 of 2nd period - Icing by Marc-Andre Bergeron.
4:31 of 2nd period - Steve Sullivan wins face-off versus Nate Thompson in Flyers zone.
4:31 of 2nd period - Steve Sullivan is hit by Nate Thompson.
5:10 of 2nd period - Icing by Pavel Kubina.
5:11 of 2nd period - Joe Thornton wins face-off versus John Madden in RedWings zone.
5:32 of 2nd period - Shot by Sergei Kostitsyn.
5:32 of 2nd period - Shot Misses the Net.
5:47 of 2nd period - Shot by Stephen Gionta.
5:47 of 2nd period - Shot Misses the Net.
6:52 of 2nd period - Off-side.
6:53 of 2nd period - Stephen Gionta wins face-off versus Nikolai Kulemin in neutral zone.
6:53 of 2nd period - Stephen Gionta is hit by Nikolai Kulemin.
7:26 of 2nd period - Double Minor Penalty to Andreas Lilja for Slashing.
7:27 of 2nd period - Kyle Okposo wins face-off versus Joe Thornton in Flyers zone.
8:26 of 2nd period - Shot by Travis Zajac.
8:26 of 2nd period - Stopped by Devan Dubnyk without a rebound.
8:27 of 2nd period - Travis Zajac wins face-off versus Justin Williams in Flyers zone.
8:54 of 2nd period - Shot by Travis Zajac.
8:54 of 2nd period - Shot Misses the Net.
8:56 of 2nd period - Shot by Keith Yandle.
8:56 of 2nd period - Shot Blocked by Kevin Bieksa.
9:15 of 2nd period - Icing by Eric Brewer.
9:16 of 2nd period - Kyle Okposo wins face-off versus Joe Thornton in RedWings zone.
9:35 of 2nd period - Shot by Eric Brewer.
9:35 of 2nd period - Shot Blocked by Chris Pronger.
10:01 of 2nd period - Shot by Keith Yandle.
10:01 of 2nd period - Stopped by Devan Dubnyk without a rebound.
10:02 of 2nd period - Travis Zajac wins face-off versus Justin Williams in Flyers zone.
10:57 of 2nd period - Shot by Paul Martin.
10:57 of 2nd period - Shot Blocked by Brian Lee.
11:18 of 2nd period - Icing by Ray Whitney.
11:19 of 2nd period - Kyle Okposo wins face-off versus Joe Thornton in RedWings zone.
12:39 of 2nd period - Icing by Mark Fraser.
12:40 of 2nd period - Kyle Brodziak wins face-off versus Nate Thompson in RedWings zone.
13:08 of 2nd period - Chris Summers is hit by Kyle Brodziak and loses puck.
13:56 of 2nd period - Shot by Kyle Okposo.
13:56 of 2nd period - Stopped by Thomas Greiss with a rebound.
14:20 of 2nd period - Shot by Joe Thornton.
14:20 of 2nd period - Stopped by Devan Dubnyk without a rebound.
14:21 of 2nd period - John Madden wins face-off versus Travis Zajac in Flyers zone.
14:52 of 2nd period - Ray Whitney is hit by Dustin Penner and loses puck.
15:00 of 2nd period - Off-side.
15:01 of 2nd period - Joe Thornton wins face-off versus Kyle Brodziak in neutral zone.
15:07 of 2nd period - Sergei Kostitsyn is hit by Philip Larsen and loses puck.
15:25 of 2nd period - Off-side.
15:26 of 2nd period - David Steckel wins face-off versus Travis Zajac in neutral zone.
15:45 of 2nd period - Minor Penalty to Curtis Glencross for Roughing.
15:46 of 2nd period - Kyle Okposo wins face-off versus Joe Thornton in RedWings zone.
16:03 of 2nd period - Shot by Kyle Okposo.
16:03 of 2nd period - Shot Misses the Net.
16:05 of 2nd period - Shot by Kyle Okposo.
16:05 of 2nd period - Stopped by Thomas Greiss without a rebound.
16:06 of 2nd period - Steve Sullivan wins face-off versus Nate Thompson in RedWings zone.
16:07 of 2nd period - Shot by Marc-Andre Bergeron.
16:07 of 2nd period - Shot Misses the Net.
16:09 of 2nd period - Shot by Steve Sullivan.
16:09 of 2nd period - Shot Misses the Net.
16:11 of 2nd period - Shot by Marc-Andre Bergeron.
16:11 of 2nd period - Goal by Marc-Andre Bergeron - RedWings : 1 - Flyers : 1.
16:12 of 2nd period - Kyle Okposo wins face-off versus Travis Zajac in neutral zone.
16:25 of 2nd period - Shot by Steve Sullivan.
16:25 of 2nd period - Shot Hit the Post.
16:27 of 2nd period - Shot by Kevin Bieksa.
16:27 of 2nd period - Stopped by Thomas Greiss without a rebound.
16:28 of 2nd period - Joe Thornton wins face-off versus Kyle Brodziak in RedWings zone.
16:28 of 2nd period - Joe Thornton is hit by Kyle Brodziak.
16:50 of 2nd period - Shot by Kyle Brodziak.
16:50 of 2nd period - Stopped by Thomas Greiss without a rebound.
16:51 of 2nd period - Kyle Okposo wins face-off versus Travis Zajac in RedWings zone.
17:30 of 2nd period - Shot by Steve Sullivan.
17:30 of 2nd period - Stopped by Thomas Greiss with a rebound.
17:32 of 2nd period - Shot by Kyle Okposo.
17:32 of 2nd period - Stopped by Thomas Greiss without a rebound.
17:33 of 2nd period - Joe Thornton wins face-off versus Kyle Brodziak in RedWings zone.
17:33 of 2nd period - Joe Thornton is hit by Luke Schenn.
17:46 of 2nd period - Icing by Luke Schenn.
17:47 of 2nd period - Kyle Brodziak wins face-off versus Stephen Gionta in Flyers zone.
18:00 of 2nd period - Shot by Justin Williams.
18:00 of 2nd period - Stopped by Thomas Greiss without a rebound.
18:01 of 2nd period - Stephen Gionta wins face-off versus Kyle Okposo in RedWings zone.
18:01 of 2nd period - Stephen Gionta is hit by Nikolai Kulemin.
18:35 of 2nd period - Shot by Sergei Kostitsyn.
18:35 of 2nd period - Shot Blocked by Kevin Bieksa.
19:23 of 2nd period - Off-side.
19:24 of 2nd period - Kyle Brodziak wins face-off versus Stephen Gionta in neutral zone.

3rd period


0:01 of 3rd period - Kyle Brodziak wins face-off versus Joe Thornton in neutral zone.
0:15 of 3rd period - Shot by Sergei Kostitsyn.
0:15 of 3rd period - Stopped by Devan Dubnyk without a rebound.
0:16 of 3rd period - Nate Thompson wins face-off versus Nikolai Kulemin in Flyers zone.
0:25 of 3rd period - Shot by Nikolai Kulemin.
0:25 of 3rd period - Deflect By Kyle Okposo.
0:25 of 3rd period - Goal by Kyle Okposo - RedWings : 1 - Flyers : 2.
0:26 of 3rd period - Kyle Brodziak wins face-off versus Joe Thornton in neutral zone.
0:28 of 3rd period - Chris Pronger is hit by Sergei Kostitsyn.
1:38 of 3rd period - Icing by Travis Zajac.
1:39 of 3rd period - Travis Zajac wins face-off versus John Madden in RedWings zone.
1:54 of 3rd period - Off-side.
1:55 of 3rd period - Travis Zajac wins face-off versus Nikolai Kulemin in neutral zone.
2:16 of 3rd period - Shot by Curtis Glencross.
2:16 of 3rd period - Shot Misses the Net.
2:18 of 3rd period - Shot by Pavel Kubina.
2:18 of 3rd period - Shot Misses the Net.
2:20 of 3rd period - Shot by Curtis Glencross.
2:20 of 3rd period - Deflect By Travis Zajac.
2:20 of 3rd period - Shot Misses the Net.
2:22 of 3rd period - Shot by Travis Zajac.
2:22 of 3rd period - Stopped by Devan Dubnyk without a rebound.
2:23 of 3rd period - Stephen Gionta wins face-off versus Kyle Brodziak in Flyers zone.
2:27 of 3rd period - Icing by Marc-Andre Bergeron.
2:28 of 3rd period - Joe Thornton wins face-off versus Marc-Andre Bergeron in Flyers zone.
2:37 of 3rd period - Shot by Joe Thornton.
2:37 of 3rd period - Shot Misses the Net.
2:39 of 3rd period - Shot by Joe Thornton.
2:39 of 3rd period - Shot Misses the Net.
2:51 of 3rd period - Shot by Stephen Gionta.
2:51 of 3rd period - Stopped by Devan Dubnyk without a rebound.
2:52 of 3rd period - Kyle Okposo wins face-off versus Travis Zajac in Flyers zone.
2:52 of 3rd period - Kyle Okposo is hit by Nate Thompson.
2:58 of 3rd period - Shot by Steve Sullivan.
2:58 of 3rd period - Deflect By Nikolai Kulemin.
2:58 of 3rd period - Shot Blocked by Eric Brewer.
3:00 of 3rd period - Shot by Kevin Bieksa.
3:00 of 3rd period - Stopped by Thomas Greiss without a rebound.
3:01 of 3rd period - Justin Williams wins face-off versus Travis Zajac in RedWings zone.
3:24 of 3rd period - Shot by Kyle Brodziak.
3:24 of 3rd period - Shot Misses the Net.
3:26 of 3rd period - Shot by Kyle Brodziak.
3:26 of 3rd period - Deflect By Justin Williams.
3:26 of 3rd period - Stopped by Thomas Greiss with a rebound.
3:28 of 3rd period - Shot by Chris Pronger.
3:28 of 3rd period - Deflect By Marc-Andre Bergeron.
3:28 of 3rd period - Stopped by Thomas Greiss with a rebound.
3:30 of 3rd period - Shot by Kyle Brodziak.
3:30 of 3rd period - Shot Misses the Net.
4:13 of 3rd period - Icing by Steve Sullivan.
4:14 of 3rd period - Kyle Okposo wins face-off versus Sergei Kostitsyn in Flyers zone.
4:25 of 3rd period - Shot by Kyle Okposo.
4:25 of 3rd period - Deflect By Nikolai Kulemin.
4:25 of 3rd period - Stopped by Thomas Greiss without a rebound.
4:26 of 3rd period - John Madden wins face-off versus Stephen Gionta in RedWings zone.
4:54 of 3rd period - Shot by John Madden.
4:54 of 3rd period - Stopped by Thomas Greiss without a rebound.
4:55 of 3rd period - Joe Thornton wins face-off versus Kyle Brodziak in RedWings zone.
5:01 of 3rd period - Sergei Kostitsyn is hit by Luke Schenn and loses puck.
5:16 of 3rd period - Shot by Sergei Kostitsyn.
5:16 of 3rd period - Stopped by Devan Dubnyk without a rebound.
5:17 of 3rd period - Travis Zajac wins face-off versus Kyle Okposo in Flyers zone.
5:22 of 3rd period - Shot by Nate Thompson.
5:22 of 3rd period - Shot Misses the Net.
7:47 of 3rd period - Shot by Nikolai Kulemin.
7:47 of 3rd period - Stopped by Thomas Greiss without a rebound.
7:48 of 3rd period - David Steckel wins face-off versus Joe Thornton in RedWings zone.
8:53 of 3rd period - Shot by Ray Whitney.
8:53 of 3rd period - Stopped by Devan Dubnyk without a rebound.
8:54 of 3rd period - Nikolai Kulemin wins face-off versus Stephen Gionta in Flyers zone.
9:01 of 3rd period - Shot by Chris Pronger.
9:01 of 3rd period - Shot Blocked by Mark Fraser.
9:46 of 3rd period - Andreas Lilja is hit by Pavel Kubina and loses puck.
9:51 of 3rd period - Shot by Philip Larsen.
9:51 of 3rd period - Stopped by Thomas Greiss without a rebound.
9:52 of 3rd period - John Madden wins face-off versus Ray Whitney in RedWings zone.
9:52 of 3rd period - Andreas Lilja is hit by Paul Martin and loses puck.
10:02 of 3rd period - Dustin Penner is hit by Keith Yandle and loses puck.
10:13 of 3rd period - Shot by Philip Larsen.
10:13 of 3rd period - Shot Blocked by Paul Martin.
10:15 of 3rd period - Shot by Gabriel Bourque.
10:15 of 3rd period - Shot Misses the Net.
10:17 of 3rd period - Shot by John Madden.
10:17 of 3rd period - Deflect By Gabriel Bourque.
10:17 of 3rd period - Shot Blocked by Keith Yandle.
10:37 of 3rd period - Icing by Andreas Lilja.
10:38 of 3rd period - John Madden wins face-off versus Joe Thornton in Flyers zone.
11:48 of 3rd period - Shot by Kyle Okposo.
11:48 of 3rd period - Shot Misses the Net.
12:16 of 3rd period - Shot by Steve Sullivan.
12:16 of 3rd period - Shot Blocked by Jared Spurgeon.
12:34 of 3rd period - Shot by Niklas Hagman.
12:34 of 3rd period - Shot Misses the Net.
12:36 of 3rd period - Shot by Marc-Andre Bergeron.
12:36 of 3rd period - Stopped by Thomas Greiss without a rebound.
12:37 of 3rd period - John Madden wins face-off versus Travis Zajac in RedWings zone.
12:47 of 3rd period - Minor Penalty to Gabriel Bourque for Tripping.
12:48 of 3rd period - Travis Zajac wins face-off versus Kyle Okposo in Flyers zone.
13:46 of 3rd period - Icing by Keith Yandle.
13:47 of 3rd period - Nate Thompson wins face-off versus Justin Williams in RedWings zone.
13:47 of 3rd period - Nate Thompson is hit by Justin Williams.
13:57 of 3rd period - Shot by Ray Whitney.
13:57 of 3rd period - Shot Misses the Net.
14:05 of 3rd period - Shot by Keith Yandle.
14:05 of 3rd period - Stopped by Devan Dubnyk with a rebound.
14:24 of 3rd period - Icing by Nate Thompson.
14:25 of 3rd period - Nate Thompson wins face-off versus Kyle Okposo in RedWings zone.
15:29 of 3rd period - Minor Penalty to Curtis Glencross for Holding.
15:30 of 3rd period - Steve Sullivan wins face-off versus Nate Thompson in RedWings zone.
15:39 of 3rd period - Shot by Justin Williams.
15:39 of 3rd period - Shot Misses the Net.
15:41 of 3rd period - Shot by Luke Schenn.
15:41 of 3rd period - Shot Misses the Net.
15:43 of 3rd period - Shot by Marc-Andre Bergeron.
15:43 of 3rd period - Deflect By Steve Sullivan.
15:43 of 3rd period - Shot Blocked by Nate Thompson.
16:28 of 3rd period - Icing by Kevin Bieksa.
16:29 of 3rd period - Joe Thornton wins face-off versus David Steckel in Flyers zone.
17:39 of 3rd period - Jamie Langenbrunner is hit by Andreas Lilja and loses puck.
17:56 of 3rd period - Shot by Joe Thornton.
17:56 of 3rd period - Shot Misses the Net.
17:57 of 3rd period - Minor Penalty to Philip Larsen for Tripping.
17:58 of 3rd period - John Madden wins face-off versus Joe Thornton in Flyers zone.
19:03 of 3rd period - RedWings, Thomas Greiss is pulled from the net.
19:13 of 3rd period - Shot by Ray Whitney.
19:13 of 3rd period - Shot Misses the Net.
19:15 of 3rd period - Shot by Eric Brewer.
19:15 of 3rd period - Goal by Eric Brewer - RedWings : 2 - Flyers : 2.
19:15 of 3rd period - Thomas Greiss from RedWings was sent back in the game.
19:16 of 3rd period - Kyle Brodziak wins face-off versus Travis Zajac in neutral zone.
19:51 of 3rd period - Pavel Kubina is hit by Kyle Brodziak and loses puck.

Overtime #1


0:01 of 1st overtime period - Joe Thornton wins face-off versus Steve Sullivan in neutral zone.
0:12 of 1st overtime period - Shot by Joe Thornton.
0:12 of 1st overtime period - Deflect By Jamie Langenbrunner.
0:12 of 1st overtime period - Shot Hit the Post.
0:24 of 1st overtime period - Shot by Steve Sullivan.
0:24 of 1st overtime period - Stopped by Thomas Greiss without a rebound.
0:25 of 1st overtime period - Nikolai Kulemin wins face-off versus Joe Thornton in RedWings zone.
0:32 of 1st overtime period - Shot by Luke Schenn.
0:32 of 1st overtime period - Stopped by Thomas Greiss without a rebound.
0:33 of 1st overtime period - Nikolai Kulemin wins face-off versus Joe Thornton in RedWings zone.
1:34 of 1st overtime period - Shot by Philip Larsen.
1:34 of 1st overtime period - Stopped by Thomas Greiss without a rebound.
1:35 of 1st overtime period - Steve Sullivan wins face-off versus Travis Zajac in RedWings zone.
1:46 of 1st overtime period - Shot by Nikolai Kulemin.
1:46 of 1st overtime period - Shot Misses the Net.
2:51 of 1st overtime period - Off-side.
2:52 of 1st overtime period - Marc-Andre Bergeron wins face-off versus Joe Thornton in neutral zone.
2:57 of 1st overtime period - Shot by Justin Williams.
2:57 of 1st overtime period - Goal by Justin Williams - RedWings : 2 - Flyers : 3.


Output by the SimonT Hockey Simulator (STHS) for Stephane Roy -- Original Page W3C XHTML 1.0 Valid
Hockey Simulator - Hockey Simulation - Hockey Manager